 Dungeon Crawl Stone Soup version 0.28-a0-1447-ga5a8893891 (webtiles) character file.

Game seed: 15035144475800212237

68 knot the Chopper (level 4, 35/35 HPs)
             Began as a Demonspawn Berserker on Jan 12, 2022.
             Was a Believer of Trog.
             Quit the game on level 2 of the Dungeon.
             The game lasted 00:02:02 (2788 turns).

knot the Chopper (Demonspawn Berserker)             Turns: 2788, Time: 00:02:03

Health: 35/35      AC:  2    Str: 17    XL:     4   Next: 1%
Magic:  4/4        EV: 12    Int: 10    God:    Trog [**....]
Gold:   59         SH:  4    Dex: 13    Spells: 3/3 levels left

rFire   . . .      SeeInvis .   a - +0 hand axe
rCold   . . .      Faith    .   (no shield)
rNeg    . . .      Spirit   .   b - +0 animal skin
rPois   .          Reflect  .   (no helmet)
rElec   .          Harm     .   (no cloak)
rCorr   .          Rampage  .   (no gloves)
Will    .....                   (no boots)
Stlth   +.........              (no amulet)
HPRegen 0.11/turn               (no ring)
MPRegen 0.09/turn               (no ring)

@: no status effects
A: condensation shield, demonic touch 1
a: Renounce Religion, Berserk, Trog's Hand


You were on level 2 of the Dungeon.
You worshipped Trog.
Trog was pleased with you.
You visited 1 branch of the dungeon, and saw 2 of its levels.

You collected 59 gold pieces.

Inventory:

Hand Weapons
 a - a +0 hand axe (weapon)
Missiles
 c - 75 stones (quivered)
Armour
 b - a +0 animal skin (worn)
Scrolls
 d - a scroll of fear {unknown}
 f - 2 scrolls of identify {unknown}
 h - a scroll of vulnerability {unknown}
 j - a scroll of noise {unknown}
Potions
 e - 2 potions of curing {unknown}
 g - a potion of berserk rage {unknown}
 i - a potion of haste {unknown}


   Skills:
 - Level 3.0 Fighting
 + Level 4.4 Axes
 - Level 1.7 Armour
 - Level 1.7 Dodging


You had 3 spell levels left.
You didn't know any spells.
Your spell library was empty.

Dungeon Overview and Level Annotations

Branches:
Dungeon (2/15)

Altars:
Xom

Shops:
D:1 =


Innate Abilities, Weirdness & Mutations

A meltable shield of frost defends you. (SH +4)
Your touch may inflict minor irresistible damage on your foes.


Message History

You start resting.
HP restored.
You now have 49 gold pieces (gained 9).
You can no longer call upon Trog for regeneration and willpower.
Key pressed, stopping explore.
No target in view!
You see here a +0 trident.
You see here a +0 trident.
e - 2 fizzy coppery potions (gained 1)
A hobgoblin comes into view.
The hobgoblin closely misses you.
You closely miss the hobgoblin. The hobgoblin closely misses you.
You closely miss the hobgoblin. The hobgoblin misses you.
You hit the hobgoblin.
The hobgoblin is moderately wounded.
The hobgoblin barely misses you.
You hit the hobgoblin.
You kill the hobgoblin!
Trog accepts your kill.
No target in view!
No target in view!
No target in view!
You now have 59 gold pieces (gained 10).
An adder comes into view.
An adder is nearby!
The helpless adder fails to defend itself.
You slash the adder!
The adder is heavily wounded.
The adder misses you. The adder closely misses you.
You hit the adder.
The adder is almost dead.
The adder barely misses you.
You hit the adder.
You kill the adder!
Trog accepts your kill.
You can now call upon Trog for regeneration and willpower.
You have reached level 4!
You feel agile.
Your demonic ancestry asserts itself...
Frost condenses into a shield before you.
Are you sure you want to abandon this character and quit the game? (Confirm with "yes".)

#.#.#######.#
#.#.#....#....#.
#.#.........#
#.#.#.##.#.##...
#.###########
#.#.#.##.#.##)##
#.#
#.#.#..#.#.##.#
#.#
#.#.##.#.#.##.##
#.#
#.#.##.#.#....#.
#.#
#.#.##.#.######.
#.#
#########.#....#.#
#.
.......@..######.#
#. ########### #.#
#. #.# #.
#.######.
#........
########. #. ##


There were no monsters in sight!

Vanquished Creatures
  2 adders (D:2)
  2 worms (D:2)
  A dart slug (D:2)
  4 ball pythons
  2 bats (D:1)
  3 endoplasms (D:1)
  2 giant cockroaches
  3 goblins
  5 hobgoblins
  3 kobolds
  A quokka (D:1)
  3 frilled lizards
  10 rats
41 creatures vanquished.

Notes
Turn   | Place    | Note
-------+----------+-------------------------------------------
     0 | D:1      | knot the Demonspawn Berserker began the quest for the Orb.
     0 | D:1      | Reached XP level 1. HP: 18/18 MP: 1/1
   119 | D:1      | Reached skill level 3 in Axes
   331 | D:1      | Gained mutation: Your touch may inflict minor irresistible
                  | damage on your foes. [demonic ancestry]
   331 | D:1      | Reached XP level 2. HP: 24/24 MP: 2/2
   812 | D:1      | Found Xonleab's Jewellery Shoppe.
  1019 | D:1      | Found a faded altar of an unknown god.
  1393 | D:2      | Reached XP level 3. HP: 23/29 MP: 3/3
  1682 | D:2      | Reached skill level 4 in Axes
  1684 | D:2      | Found a shimmering altar of Xom.
  2074 | D:2      | Reached ** piety under Trog
  2788 | D:2      | Gained mutation: A meltable shield of frost defends you.
                  | (SH +4) [demonic ancestry]
  2788 | D:2      | Reached XP level 4. HP: 35/35 MP: 4/4
  2788 | D:2      | Quit the game

Illustrated notes

Levels and vault maps discovered:
D:1:      onia_arrival_handbag, layout_loops_ring, serial_shops,
          nicolae_shop_statue_plus,
          dreamdust_ecumenical_altar_angels_and_demons, kennysheep_pointless_box
D:2:      layout_basic, basic_altar

Skill      XL: |  1  2  3 |
---------------+----------+-----
Axes           | 3 4 |  4.4
Fighting       | |  3.0
Armour         | |  1.7
Dodging        | |  1.7

Action                   |  1- 3 |  4- 6 || total
-------------------------+-------+-------++-------
Melee: Hand axe          |   119 |       ||   119
       Touch             |    17 |       ||    17
Invok: Berserk           |     1 |       ||     1
 Stab: Sleeping          |     2 |       ||     2
Armor: Animal skin       |    19 |       ||    19
Dodge: Dodged            |    71 |       ||    71

Table legend: (Time is in decaauts)
 A = Elapsed time spent in this place.
 B = Non-inter-level travel time spent in this place.
 C = Inter-level travel time spent in this place.
 D = Time resting spent in this place.
 E = Time spent auto-exploring this place.
 F = Levels seen in this place.
 G = Mean time per level.
                   A        B        C        D        E       F      G
               +--------+--------+--------+--------+--------+-----+--------+
         Total |   2810 |   2797 |     13 |    951 |   1523 |   2 | 1405.0 |
       Dungeon |   2810 |   2797 |     13 |    951 |   1523 |   2 | 1405.0 |
               +--------+--------+--------+--------+--------+-----+--------+

Top non-repeatable levels by time:
     D:2: 1457 daAuts
     D:1: 1353 daAuts
